 Dungeon Crawl Stone Soup version 0.26.1-2-gb8aa6d0cf2 (webtiles) character file.

Game seed: 228147796045434922

265 McKennaii the Poker (level 5, -1/41 HPs)
             Began as a Demonspawn Monk on Feb 8, 2021.
             Slain by an ogre
             ... wielding a +0 giant club
              (11 damage)
             ... on level 3 of the Dungeon.
             The game lasted 00:05:39 (3867 turns).

McKennaii the Poker (Demonspawn Monk)               Turns: 3867, Time: 00:05:39

Health: -1/41      AC:  7    Str: 12    XL:     5   Next: 99%
Magic:  5/5        EV: 10    Int: 12    God:
Gold:   145        SH:  4    Dex: 15    Spells: 4/4 levels left

rFire    . . .     SeeInvis .   b - +0 halberd
rCold    . . .     Faith    .   (shield currently unavailable)
rNeg     . . .     Spirit   .   r - +0 scale mail
rPois    .         Reflect  .   (helmet restricted)
rElec    .         Harm     .   (no cloak)
rCorr    .         Rampage  .   (no gloves)
Will     .....                  c - +0 pair of boots
Stlth    +.........             s - amulet of regeneration
HPRegen  0.53/turn              (no ring)
MPRegen  0.09/turn              (no ring)

@: no status effects
A: hooves 1, horns 1, large bone plates 1, blurry vision 1, foul stench 1,
miasma immunity
a: no special abilities


You were on level 3 of the Dungeon.
You visited 1 branch of the dungeon, and saw 4 of its levels.

You collected 145 gold pieces.

Inventory:

Hand Weapons
 a - a +0 spear
 b - a +0 halberd (weapon)
Armour
 c - a +0 pair of boots (worn)
 r - a +0 scale mail (worn)
Jewellery
 s - an amulet of regeneration (around neck)
Wands
 k - a wand of polymorph (8)
Scrolls
 d - a scroll of amnesia
 i - 3 scrolls of identify
 j - 3 scrolls of teleportation {unknown}
 l - 2 scrolls of enchant armour {unknown}
 m - 3 scrolls of blinking {unknown}
 n - 2 scrolls of remove curse {unknown}
 q - 3 scrolls of magic mapping {unknown}
Potions
 e - a potion of curing
 f - a potion of berserk rage {unknown}
 g - a potion of flight {unknown}
 h - a potion of brilliance {unknown}
 o - a potion of heal wounds {unknown}
 p - a potion of ambrosia {unknown}
 t - a potion of attraction {unknown}


   Skills:
 + Level 3.4 Fighting
 * Level 5.3 Polearms
 * Level 2.0 Armour
 - Level 2.6 Dodging
 - Level 1.7 Stealth
 + Level 0.4 Shields


You had 4 spell levels left.
You didn't know any spells.
Your spell library was empty.

Dungeon Overview and Level Annotations

Branches:
Dungeon (4/15)
 Temple: D:4-7

Altars:
Elyvilon
Gozag
Nemelex Xobeh
Sif Muna

Annotations:
D:3 Grinder


Innate Abilities, Weirdness & Mutations

You have a pair of small horns on your head.
You are partially covered in large bone plates. (SH +4)
You may emit foul miasma when damaged in melee.
You are immune to miasma.
You have large cloven feet.
Scrolls take you a little longer to read.


Message History

The orc moves out of view.
An orc wizard comes into view. It is wielding a +0 dagger.
There is a stone staircase leading up here.
The ogre hits you with a +0 giant club!
You climb upwards.
Level annotation: Grinder
There is a stone staircase leading down here.
You hit the ogre. Your headbutt misses the ogre.
The ogre is lightly wounded.
The ogre hits you with a +0 giant club!!
Ouch! That really hurt!
* * * LOW HITPOINT WARNING * * *
You barely miss the ogre.
The ogre is lightly wounded.
The ogre closely misses you.
Okay, then.
Your scale mail prevents you from hitting the ogre.
The ogre is lightly wounded.
The ogre hits you with a +0 giant club!
You die...

#.......#.###.............#
#..#####...####.....#####.# #..#
#≈≈...≈≈#......# #.#
#..###≈..♣..≈#....### #.# ####
#|.............#.## #.###...
#......♣._.♣...#.# #.......
###.#.........##.# #####...
##.###≈..♣..≈###+## ##.# #.##
#≈≈...≈≈##@..## #####.#
##.#####...###..O..#######......
##.#..##.###...............##.#
####....(#.##.....(...####...##.#
............'.........+......†..#
####.......##.........###....####
###..######........###)#..# #
#.## ##.....#........#### #.#
##...######.#......


You could see an ogre.

Vanquished Creatures
  A hound (D:4)
  An orc wizard (D:4)
  An orc priest (D:4)
  A worker ant (D:4)
  5 adders
  3 gnolls
  2 oozes
  2 worms (D:2)
  A dart slug (D:3)
  5 leopard geckos
  5 orcs
  3 giant cockroaches
  4 hobgoblins
  6 jackals
  2 ball pythons (D:3)
  A bat (D:1)
  3 frilled lizards (D:2)
  6 goblins
  3 kobolds
  A quokka skeleton (D:2)
  4 rats
60 creatures vanquished.

Notes
Turn   | Place    | Note
-------+----------+-------------------------------------------
     0 | D:1      | McKennaii the Demonspawn Monk began the quest for the Orb.
     0 | D:1      | Reached XP level 1. HP: 18/18 MP: 1/1
   481 | D:1      | Reached skill level 3 in Polearms
   682 | D:1      | Gained mutation: You have a pair of small horns on your
                  | head. [demonic ancestry]
   682 | D:1      | Reached XP level 2. HP: 21/24 MP: 2/2
  1327 | D:2      | Gained mutation: You are partially covered in large bone
                  | plates. (SH +4) [demonic ancestry]
  1327 | D:2      | Reached XP level 3. HP: 22/29 MP: 3/3
  1598 | D:2      | Reached skill level 1 in Armour
  1599 | D:2      | Gained mutation: Scrolls take you a little longer to read.
                  | [potion of mutation]
  1599 | D:2      | Gained mutation: You have large cloven feet. [potion of
                  | mutation]
  1928 | D:2      | Reached skill level 4 in Polearms
  2142 | D:2      | Gained mutation: You are immune to miasma. [demonic
                  | ancestry]
  2142 | D:2      | Reached XP level 4. HP: 35/35 MP: 4/4
  2216 | D:2      | Found a shimmering blue altar of Sif Muna.
  3084 | D:3      | Noticed Grinder
  3215 | D:3      | Found a sparkling altar of Nemelex Xobeh.
  3445 | D:3      | Found a white marble altar of Elyvilon.
  3760 | D:4      | Gained mutation: You may emit foul miasma when damaged in
                  | melee. [demonic ancestry]
  3760 | D:4      | Reached XP level 5. HP: 41/41 MP: 5/5
  3809 | D:4      | Reached skill level 5 in Polearms
  3840 | D:4      | Found an opulent altar of Gozag.
  3859 | D:4      | Noticed an ogre
  3867 | D:3      | Slain by an ogre

Illustrated notes

Levels and vault maps discovered:
D:1:      scummos_arrival_gate, layout_loops_ring
D:2:      layout_loops_ring, lemuel_blue_sif_altar
D:3:      layout_loops_corners, elyvilon_altar_4, nemelex_dance_club_becter,
          uniq_grinder
D:4:      layout_basic, kennysheep_mini_moat, general_overflow_altar,
          serial_shops, shop, glass_columns_c, grunt_gozag_statues, uniq_edmund

Skill      XL: |  1  2  3  4  5 |
---------------+----------------+-----
Polearms       | 3 4 5 |  5.3
Armour         | 1 2 |  2.0
Fighting       | |  3.4
Dodging        | |  2.6
Stealth        | |  1.7
Shields        | |  0.4

Action                   |  1- 3 |  4- 6 || total
-------------------------+-------+-------++-------
Melee: Spear             |   143 |    40 ||   183
       Headbutt          |    15 |    13 ||    28
       Kick              |     2 |       ||     2
       Halberd           |       |    59 ||    59
  Use: Potion            |     3 |       ||     3
       Scroll            |       |     2 ||     2
 Stab: Sleeping          |     6 |     1 ||     7
Armor: Robe              |    10 |     4 ||    14
       Scale mail        |       |    17 ||    17
Dodge: Dodged            |    44 |    26 ||    70
Block: Other             |     5 |     8 ||    13
